 Dungeon Crawl Stone Soup version 0.30.0-29-ga12c61a403 (webtiles) character file.

Game seed: 11012521685525694068

1604591 growler the Grand Master (level 27, 129/193 HPs)
             Began as a Merfolk Transmuter on May 31, 2023.
             Was the Champion of Wu Jian.
             Escaped with the Orb
             ... and 3 runes on June 4, 2023!
             The game lasted 05:16:59 (74486 turns).

growler the Grand Master (Merfolk Transmuter)      Turns: 74486, Time: 05:17:00

Health: 129/193    AC:  9    Str: 13    XL:     27
Magic:  30/30      EV: 27    Int: 16    God:    Wu Jian [******]
Gold:   6296       SH:  9    Dex: 16    Spells: 11/36 levels left

rFire   . .          .
                       - Unarmed
rCold   . . .        X - +2 buckler {AC+3}
rNeg    . . .        B - +0 steam dragon scales
rPois   +            (no helmet)
rElec   +            d - scarf {+Inv}
rCorr   .            x - +2 pair of gloves {Stlth+}
SInv    +            H - +0 pair of boots
Will    +++..        (no amulet)
Stlth   +            E - ring "Ogrytis" {rElec rPois SInv}
HPRegen 0.52/turn    q - ring of willpower
MPRegen 0.22/turn

%: no passive effects
@: glowing, studying Ice Magic
A: (nimble swimmer 2), mertail, camouflage 1, clumsy 2, deformed body, dopey 1,
frail 2
0: Orb of Zot
}: 3/15 runes: barnacled, silver, gossamer
a: Renounce Religion, Evoke Invisibility, Wall Jump, Serpent's Lash, Heavenly
Storm


You escaped.
You worshipped Wu Jian.
Wu Jian was exalted by your worship.
You visited 10 branches of the dungeon, and saw 48 of its levels.
You visited the Abyss 1 time.
You visited 1 bazaar.
You also visited: Ice Cave.

You collected 8861 gold pieces.
You spent 2565 gold pieces at shops.

Inventory:

Missiles
 m - 8 throwing nets
Armour
 d - a scarf of invisibility (worn)
 x - a +2 pair of gloves of stealth (worn)
 B - +0 steam dragon scales (worn)
 H - a +0 pair of boots (worn)
 J - a +0 helmet
 X - a +2 buckler of protection (worn)
Jewellery
 a - a ring of willpower
 f - the ring of Pyromania {Str+6 Int+2 Dex+7}
   (You acquired it on level 2 of the Orcish Mines)

   [ring of strength]

   Str:       It affects your strength (+6).
   Int:       It affects your intelligence (+2).
   Dex:       It affects your dexterity (+7).
 q - a ring of willpower (right hand)
 z - an amulet of the acrobat
 E - the ring "Ogrytis" (left hand) {rElec rPois SInv}
   (You found it on level 3 of the Elven Halls)

   [ring of see invisible]

   rElec:     It insulates you from electricity.
   rPois:     It protects you from poison.
   SInv:      It lets you see invisible.
 G - a ring of protection from fire
 U - the ring of Gin and Tonic {Wiz rC+}
   (You found it on level 13 of the Dungeon)

   [ring of wizardry]

   It improves your spell success rate.
   rC:        It protects you from cold.
 V - the amulet "Tirij" {rElec rC- Will+ Regen+}
   (You bought it in a shop on level 2 of the Orcish Mines)

   [amulet of regeneration]

   rC:        It makes you vulnerable to cold.
   rElec:     It insulates you from electricity.
   Regen:     It increases your rate of health regeneration.
   Will:      It increases your willpower.
 Y - an amulet of guardian spirit
 Z - a +4 ring of protection
Wands
 i - a wand of iceblast (52)
 A - a wand of charming (72)
 C - a wand of digging (33)
 F - a wand of quicksilver (56)
 L - a wand of flame (32)
 M - a wand of polymorph (6)
 N - a wand of mindburst (58)
Scrolls
 c - 27 scrolls of teleportation
 h - 10 scrolls of silence
 k - 8 scrolls of enchant weapon
 l - 6 scrolls of poison
 s - 8 scrolls of summoning
 u - 6 scrolls of vulnerability
 w - 9 scrolls of fog
 y - 10 scrolls of fear
 D - 6 scrolls of enchant armour
 P - 6 scrolls of immolation
 Q - 3 scrolls of blinking
 T - 10 scrolls of amnesia
Potions
 b - 5 potions of lignification
 e - 5 potions of haste
 j - 3 potions of cancellation
 n - 18 potions of curing
 o - 10 potions of brilliance
 p - 5 potions of resistance
 r - 5 potions of berserk rage
 t - 5 potions of attraction
 v - 3 potions of mutation
 I - 4 potions of invisibility
 K - 6 potions of might
 O - 6 potions of flight
 R - 6 potions of magic
 S - 14 potions of heal wounds
 W - 6 potions of ambrosia


   Skills:
 + Level 25.0 Fighting
 + Level 26.3 Dodging
 - Level 6.0 Stealth
 - Level 10.0 Shields
 O Level 27 Unarmed Combat
 - Level 5.0 Spellcasting
 - Level 18.0 Transmutations
 - Level 4.0 Ice Magic
 - Level 8.0 Earth Magic
 + Level 20.3 Evocations


You had 11 spell levels left.
You knew the following spells:

 Your Spells              Type           Power      Damage    Failure   Level
a - Beastly Appendage     Tmut           100%       N/A       0%          1
b - Wereblood             Tmut           57%        N/A       1%          2
c - Spider Form           Tmut/Pois      32%        N/A       1%          3
d - Ice Form              Ice/Tmut       39%        N/A       1%          4
e - Passwall              Tmut/Erth      37%        N/A       1%          2
f - Statue Form           Tmut/Erth      30%        N/A       14%         6
g - Dragon Form           Tmut           28%        N/A       10%         7

Your spell library contained the following spells:

 Spells                   Type           Power      Damage    Failure   Level
 Sandblast                Erth           58%        2d13      1%          1
 Petrify                  Tmut/Erth      45%        N/A       1%          4
 Freeze                   Ice            64%        1d7       3%          1
 Ignite Poison            Fire/Tmut/Pois 23%        N/A       4%          3
 Frozen Ramparts          Ice            32%        1d5       11%         3
 Ozocubu's Armour         Ice            16%        N/A       11%         3
 Stone Arrow              Conj/Erth      32%        3d9       11%         3
 Ensorcelled Hibernation  Hex/Ice        20%        N/A       12%         2
 Alistair's Intoxication  Tmut/Pois      21%        N/A       13%         5
 Irradiate                Conj/Tmut      16%        3d17      13%         5
 Apportation              Tloc           8%         N/A       19%         1
 Foxfire                  Conj/Fire      16%        2x1d4     19%         1
 Kiss of Death            Conj/Necr      16%        2d6       19%         1
 Magic Dart               Conj           16%        1d3       19%         1
 Necrotise                Necr           16%        1d4       19%         1
 Slow                     Hex            16%        N/A       19%         1
 Summon Small Mammal      Summ           16%        N/A       19%         1
 Lee's Rapid Deconstruct  Erth           14%        3d9*      19%         5
 Hailstorm                Conj/Ice       10%        3d5       24%         3
 Cigotuvi's Dreadful Rot  Necr/Pois/Air  8%         N/A       28%         2
 Scorch                   Fire           8%         2d5       28%         2
 Searing Ray              Conj           8%         2d4       28%         2
 Sublimation of Blood     Necr           4%         N/A       28%         2
 Leda's Liquefaction      Hex/Erth       8%         N/A       34%         4
 Call Canine Familiar     Summ           4%         N/A       50%         3
 Confusing Touch          Hex            4%         N/A       50%         3
 Gell's Gravitas          Tloc           4%         N/A       50%         3
 Inner Flame              Hex/Fire       4%         N/A       50%         3
 Mephitic Cloud           Conj/Pois/Air  4%         N/A       50%         3
 Portal Projectile        Hex/Tloc       8%         N/A       50%         3
 Summon Guardian Golem    Hex/Summ       4%         N/A       50%         3
 Swiftness                Air            4%         N/A       50%         3
 Teleport Other           Tloc           4%         N/A       50%         3
 Vampiric Draining        Necr           4%         2d6       50%         3
 Volatile Blastmotes      Fire/Tloc      8%         2d10      50%         3
 Eringya's Noxious Bog    Tmut/Pois      16%        N/A       56%         6
 Borgnjor's Vile Clutch   Necr/Erth      8%         N/A       69%         5
 Animate Dead             Necr           4%         N/A       88%         4
 Cause Fear               Hex            2%         N/A       88%         4
 Dispel Undead            Necr           4%         3d7       88%         4
 Flame Wave               Conj/Fire      4%         2d5       88%         4
 Fulminant Prism          Conj/Hex       2%         3d5       88%         4
 Iskenderun's Mystic Bla  Conj/Tloc      4%         2d3       88%         4
 Metabolic Englaciation   Hex/Ice        5%         N/A       92%         5
 Freezing Cloud           Conj/Ice/Air   4%         6-21      97%         5
 Agony                    Necr           4%         N/A       99%         5
 Fireball                 Conj/Fire      2%         3d4       99%         5
 Iskenderun's Battlesphe  Conj           4%         2d6       99%         5
 Summon Forest            Summ/Tloc      2%         N/A       99%         5
 Iron Shot                Conj/Erth      8%         9d3       99%         6
 Death Channel            Necr           2%         N/A       100%        6
 Dispersal                Tloc           2%         N/A       100%        6
 Plasma Beam              Fire/Air       2%         2x1d13    100%        6
 Simulacrum               Ice/Necr       5%         N/A       100%        6
 Starburst                Conj/Fire      2%         6d3       100%        6
 Summon Cactus Giant      Summ           2%         N/A       100%        6
 Malign Gateway           Summ/Tloc      2%         N/A       100%        7
 Orb of Destruction       Conj           2%         9d5       100%        7
 Ozocubu's Refrigeration  Ice            8%         4d9       100%        7
 Spellforged Servitor     Conj/Summ      2%         N/A       100%        7
 Summon Hydra             Summ           2%         N/A       100%        7
 Summon Horrible Things   Summ           2%         N/A       100%        8
 Dragon's Call            Summ           2%         N/A       100%        9
 Polar Vortex             Ice            8%         N/A       100%        9


Dungeon Overview and Level Annotations

Branches:
Dungeon (15/15)            Temple (1/1) D:5            Lair (5/5) D:11
 Shoals (4/4) Lair:2       Spider (4/4) Lair:2        Slime (0/5) Lair:4
    Orc (2/2) D:12            Elf (3/3) Orc:2        Vaults (5/5) D:13
  Crypt (0/3) Vaults:2     Depths (4/4) D:15            Zot (5/5) Depths:4
  IceCv (visited)

Altars:
Ashenzari
Cheibriados
Dithmenos
Elyvilon
Fedhas
Gozag
Hepliaklqana
Kikubaaqudgha
Makhleb
Nemelex Xobeh
Okawaru
Qazlal
Ru
Sif Muna
Trog
Uskayaw
Vehumet
Wu Jian
Xom
Yredelemnul
Zin
The Shining One

Shops:
D:6 [   D:14 (   Orc:2 ?*==(   Elf:1 *   Shoals:3 *

Portals:
Hell: Depths:1 Depths:2 Depths:3 Depths:4
Abyss: Depths:1 Depths:2 Depths:3
Pandemonium: Depths:2
Ziggurat: Depths:1

Annotations:
D:6 2 transporters, PerfectTommy's ghost, novice MiFE
D:8 3 runed translucent doors, JanusIIV's ghost, novice TrFi
D:9 2 runed translucent doors, TheFallenCrow's ghost, novice DsMo
D:14 Roxanne
Lair:5 exclusion: obsidian statue
Elf:2 5 runed translucent doors
Zot:3 2 transporters, exclusion: orange crystal statue
Zot:4 2 transporters


Innate Abilities, Weirdness & Mutations

((You are very nimble when in or above water. (Stealth+, EV+, Speed+++)))
Your lower body shifts to a powerful aquatic tail in water.
Your skin changes colour to match your surroundings (Stealth+).
You are very clumsy. (Dex -4)
Armour fits poorly on your strangely shaped body.
You are dopey. (Int -2)
You are very frail. (-20% HP)


Message History

You spin and attack the cacodemon, with incredible momentum.
You pound the cacodemon into fine dust!!!
You kill the cacodemon!
The Council accepts your kill.
Your supernatural speed expires.
Unknown command.
You lunge at the green death.
You pulverise the green death!!!
The green death is severely wounded.
The green death closely misses you.
You squash the green death like an ant!!!!
You kill the green death!
The Council accepts your kill.
A daeva comes into view.
It is wielding a +4 scimitar of holy wrath.
The daeva shouts!
The daeva calls down the wrath of the Shining One upon you.
The Shining One smites you!
The daeva calls down the wrath of the Shining One upon you.
The Shining One smites you!
You feel less exhausted.
The daeva calls down the wrath of the Shining One upon you.
The Shining One smites you!
Your transformation is almost over.
The daeva calls down the wrath of the Shining One upon you.
The Shining One smites you!
There is an open door here.
The daeva calls down the wrath of the Shining One upon you.
The Shining One smites you!
The daeva calls down the wrath of the Shining One upon you.
The Shining One smites you!
You revert to your normal fleshy form.
Your +2 pair of gloves of stealth unmelds from your body.
Your +0 pair of boots unmelds from your body.
Your +0 steam dragon scales unmelds from your body.
You feel stealthy.
The daeva calls down the wrath of the Shining One upon you.
The Shining One smites you!
The daeva calls down the wrath of the Shining One upon you.
The Shining One smites you!
There is a staircase leading out of the dungeon here.
You have escaped!

#.#########
#####'#####
#.........#
##.........##
#8.........8#
#...8.A.8...#
#8.........8#
##.........##
####8@8####
#####


You could see a daeva.

Vanquished Creatures
  5 dread liches
  2 orbs of fire (Zot:5)
  3 ancient liches
  Vv (Depths:2)
  A pandemonium lord (Depths:1)
  4 curse toes
  6 Killer Klowns
  12 golden dragons
  the Enchantress (Depths:1)
  Arachne (Spider:4)
  2 bone dragons
  2 electric golems (Zot:5)
  A Hell Sentinel (Zot:2)
  15 tentacled monstrosities
  5 liches
  A walking crystal tome (Depths:4)
  An Ice Fiend (D:1)
  2 deep elf blademasters (Elf:3)
  7 titans
  A walking divine tome (Depths:2)
  Asterion (Spider:2)
  26 Orb Guardians
  6 quicksilver dragons
  2 deep elf master archers (Elf:3)
  Frances (D:13)
  Gastronok (D:11)
  An Executioner (D:1)
  A tentacled starspawn (Abyss:3)
  6 sphinxes
  A kraken (Shoals:1)
  12 shadow dragons
  14 storm dragons
  6 death cobs
  8 draconian knights
  7 draconian monks
  6 tengu reavers
  15 fire giants
  3 deep elf sorcerers (Elf:3)
  8 frost giants
  16 vault wardens
  12 draconian scorchers
  A balrug (Depths:4)
  4 iron dragons
  2 curse skulls (Zot:2)
  4 emperor scorpions (Spider:4)
  5 draconian shifters
  4 ghost moths
  10 draconian stormcallers
  2 orc warlords
  7 war gargoyles
  A broodmother (Spider:4)
  7 spriggan defenders
  8 draconian annihilators
  3 cacodemons
  26 ironbound preservers
  4 deep elf elementalists
  A reaper (Depths:1)
  11 ironbound thunderhulks
  31 very ugly things
  A demonspawn corrupter (D:1)
  2 vampire knights
  17 stone giants
  12 green draconians
  24 black draconians
  7 deep elf demonologists
  5 deep elf annihilators
  12 white draconians
  14 yellow draconians
  11 dire elephants
  23 purple draconians
  19 red draconians
  10 spark wasps
  Snorg (Orc:1)
  4 merfolk javelineers
  3 crystal guardians
  8 ettins
  5 deep elf death magi
  A green death (D:1)
  13 merfolk impalers
  8 entropy weavers
  8 fire dragons
  Erolcha (D:11)
  7 deep elf high priests
  8 hydras
  5 great orbs of eyes
  Fannar (D:12)
  12 yaktaur captains
  32 vault guards
  8 ice dragons
  6 peacekeepers
  Harold (D:11)
  3 ogre magi
  5 alligator snapping turtles
  5 ironbound frosthearts
  2 merfolk avatars
  3 jorogumos
  3 radroaches
  5 spriggan air magi
  5 merfolk aquamancers
  A rakshasa (Depths:2)
  6 boulder beetles
  A catoblepas (Lair:5)
  9 death yaks
  Erica (Orc:1)
  10 dancing weapons
  16 centaur warriors
  A radroach (shapeshifter) (Vaults:5)
  A satyr (Shoals:3)
  14 tengu warriors
  5 deep troll shamans
  5 two-headed ogres
  3 deep troll earth magi (Depths:1)
  3 hell hogs (Depths:4)
  8 orc high priests
  A spectral dire elephant (Lair:5)
  5 hell knights (Depths:2)
  6 spriggan berserkers
  4 thrashing horrors (Abyss:3)
  14 deep elf knights
  A sixfirhy (Depths:1)
  A titan skeleton (Vaults:2)
  2 sun demons (Depths:4)
  A skeletal warrior (D:9)
  A soul eater (Abyss:3)
  4 iron trolls
  7 pharaoh ants
  A spectral anaconda (Lair:5)
  5 skysharks
  67 deep trolls
  3 sun moths
  2 bog bodies (IceCv)
  5 orb spiders
  7 sea snakes
  15 deep elf archers
  17 ironbound convokers
  9 wizards
  17 harpies
  4 phantasmal warriors (Vaults:5)
  A harpy (shapeshifter) (D:14)
  21 steelbarb worms
  9 lindwurms
  6 necromancers
  A wolf spider (shapeshifter) (Vaults:1)
  14 orc knights
  25 deep elf pyromancers
  23 deep elf zephyrmancers
  A sphinx zombie (Depths:2)
  An iron dragon zombie (Depths:2)
  5 large abominations
  3 orc sorcerers
  7 oklob plants (Zot:2)
  16 wolf spiders
  9 cyclopes
  13 manticores
  4 fauns
  7 merfolk sirens
  A shining eye (shapeshifter) (Vaults:5)
  42 ugly things
  25 moths of wrath
  A water nymph (shapeshifter) (D:14)
  7 demonic crawlers
  4 elephants (Lair:5)
  A stone giant skeleton (Vaults:2)
  16 vault sentinels
  3 black mambas
  A dire elephant zombie (Lair:5)
  8 water nymphs
  2 smoke demons (Abyss:3)
  An ice statue (IceCv)
  2 torpor snails
  An orange demon (Depths:1)
  8 cane toads
  3 gargoyles
  Maggie (D:10)
  10 komodo dragons
  34 yaktaurs
  An unseen horror (D:11)
  A hellion (Depths:2)
  A rime drake (Lair:5)
  2 efreet
  Psyche (D:10)
  2 anaconda simulacra (IceCv)
  4 freezing wraiths
  A dire elephant skeleton (Lair:5)
  5 tengu conjurers
  A red devil (D:3)
  6 meliai (Spider:4)
  4 trolls
  3 wind drakes
  25 merfolk
  13 tarantellas
  A tengu simulacrum (Depths:2)
  22 blink frogs
  8 dream sheep
  A spectral elephant (Lair:5)
  A raiju (shapeshifter) (D:13)
  7 hornets
  12 snapping turtles
  A stone giant simulacrum (Vaults:2)
  27 slime creatures
  44 jumping spiders
  21 culicivoras
  A slime creature (shapeshifter) (Vaults:4)
  3 shadows
  2 vampires
  19 water elementals
  A wraith (D:11)
  2 air elementals
  21 yaks
  A fire bat (shapeshifter) (Vaults:5)
  3 wyverns
  9 spriggans
  3 basilisks
  A fire bat (Abyss:3)
  5 fire elementals
  6 golden eyes (Abyss:3)
  Grum (D:10)
  5 death yak simulacra
  A redback (shapeshifter) (Vaults:5)
  A neqoxec (Abyss:3)
  47 redbacks
  Menkaure (D:7)
  2 steam dragons
  7 vampire mosquitoes
  A spectral cane toad (Lair:5)
  A two-headed ogre zombie (D:12)
  5 wargs
  An acid dragon (D:10)
  A hydra simulacrum (IceCv)
  A harpy simulacrum (IceCv)
  8 water moccasins
  3 elephant zombies (Lair:5)
  2 sky beasts (D:7)
  38 orc warriors
  An ice beast (D:7)
  3 black bears (D:5)
  5 boggarts (D:15)
  14 ogres
  18 wolves
  5 centaurs
  An elephant skeleton (Lair:5)
  A phantom (D:5)
  6 kobold brigands
  9 bullfrogs
  An earth elemental (Elf:3)
  4 gnoll sergeants
  5 two-headed ogre simulacra (IceCv)
  A scorpion (D:7)
  4 cane toad simulacra
  3 wights
  2 troll zombies (D:12)
  11 killer bees
  3 elephant simulacra
  A human simulacrum (Vaults:2)
  4 electric eels
  8 howler monkeys
  2 quasits
  35 orc priests
  6 hounds
  5 jellies
  4 sleepcaps
  A gnoll bouda (Orc:2)
  2 iguanas
  3 small abominations (Abyss:3)
  15 orc wizards
  6 spriggan simulacra (IceCv)
  A lightning spire (Zot:2)
  7 troll simulacra (IceCv)
  A wolf simulacrum (IceCv)
  5 ogre zombies (D:12)
  22 gnolls
  6 adders
  6 naga simulacra (IceCv)
  A river rat (D:10)
  3 shadow imps (D:8)
  19 white imps
  9 ufetubi
  2 worms (D:2)
  11 dart slugs
  84 orcs
  8 ball pythons
  3 bats
  3 endoplasms
  4 giant cockroaches
  8 goblins
  7 hobgoblins
  2 jackals (D:2)
  4 quokkas
  5 frilled lizards
  3 goblin skeletons (D:12)
  2 goblin zombies (D:12)
  2 hobgoblin skeletons (D:12)
  A hobgoblin zombie (D:12)
  38 kobolds
  4 orc skeletons (D:12)
  13 orc zombies (D:12)
  4 rats
  2 spectral weapons
  3 tentacles (Shoals:1)
2197 creatures vanquished.

Vanquished Creatures (others)
  A tengu reaver (Vaults:5)
  An ironbound preserver (Vaults:4)
  A deep elf knight (Elf:3)
  A wizard (Vaults:4)
  A deep elf zephyrmancer (Elf:1)
  A slime creature (Vaults:4)
  A jumping spider (Spider:1)
  A howler monkey (D:13)
  An orc wizard (D:14)
  A tentacle (Shoals:1)
10 creatures vanquished.

Grand Total: 2207 creatures vanquished

Notes
Turn   | Place    | Note
-------+----------+-------------------------------------------
     0 | D:1      | growler the Merfolk Transmuter began the quest for the Orb.
     0 | D:1      | Reached XP level 1. HP: 15/15 MP: 3/3
   261 | D:1      | Reached XP level 2. HP: 18/21 MP: 3/5
   969 | D:2      | Reached XP level 3. HP: 21/26 MP: 4/6
   972 | D:2      | Learned a level 2 spell: Wereblood
   976 | D:2      | Learned a level 3 spell: Spider Form
  1099 | D:2      | Reached XP level 4. HP: 10/32 MP: 5/7
  1250 | D:2      | Reached skill level 4 in Unarmed Combat
  1520 | D:3      | Found a basalt altar of Yredelemnul.
  1853 | D:3      | Reached XP level 5. HP: 16/37 MP: 5/9
  1946 | D:3      | Found a shadowy altar of Dithmenos.
  1947 | D:3      | Found an ancient bone altar of Kikubaaqudgha.
  2003 | D:3      | Reached skill level 5 in Unarmed Combat
  3272 | D:4      | Reached XP level 6. HP: 20/43 MP: 7/10
  3677 | D:4      | Reached skill level 6 in Unarmed Combat
  3797 | D:5      | Entered Level 5 of the Dungeon
  3797 | D:5      | Found an opulent altar of Gozag.
  3922 | D:5      | Reached skill level 7 in Unarmed Combat
  4214 | D:4      | Learned a level 4 spell: Ice Form
  4258 | D:4      | Reached XP level 7. HP: 21/47 MP: 7/11
  4499 | D:4      | Upgraded the game from 0.30.0-19-g36f170ea60 to
                  | 0.30.0-20-g3b4254fcbd
  4628 | D:5      | Reached skill level 8 in Unarmed Combat
  4634 | D:5      | Found a staircase to the Ecumenical Temple.
  4659 | Temple   | Entered the Ecumenical Temple
  4802 | D:5      | Reached skill level 9 in Unarmed Combat
  5077 | D:5      | Reached XP level 8. HP: 33/54 MP: 10/12
  5421 | D:5      | Reached skill level 10 in Unarmed Combat
  5572 | D:6      | Found a radiant altar of Vehumet.
  5734 | D:6      | Found Beowulf's Dragon-Slaying Spoils.
  5992 | D:6      | Identified the staff of cold "Zunymp" {rC+ Str+3 Int+2
                  | Dex-5}
  6004 | D:6      | Found an ornate altar of the Wu Jian Council.
  6019 | D:6      | Noticed PerfectTommy's ghost (novice MiFE)
  6033 | D:6      | Noticed a spectral centipede
  6033 | D:6      | Noticed a spectral black mamba
  6034 | D:6      | Became a worshipper of the Wu Jian Council
  6056 | D:6      | Found a transporter.
  6092 | D:6      | Found a transporter.
  6231 | D:6      | Reached skill level 1 in Ice Magic
  6563 | D:7      | Reached skill level 5 in Transmutations
  6958 | D:7      | Reached XP level 9. HP: 59/64 MP: 12/14
  7154 | D:7      | Found a flagged portal.
  7698 | D:7      | Noticed Menkaure
  7717 | D:7      | Killed Menkaure
  8156 | D:8      | Found a runed translucent gate.
  8156 | D:8      | Found a runed translucent gate.
  8156 | D:8      | Noticed a kobold demonologist
  8156 | D:8      | Noticed JanusIIV's ghost (novice TrFi)
  8163 | D:8      | Found a runed translucent gate.
  8350 | D:8      | Reached * piety under Wu Jian
  8353 | D:8      | Noticed a two-headed ogre
  8359 | D:8      | Reached skill level 11 in Unarmed Combat
  8362 | D:8      | Reached skill level 5 in Fighting
  8365 | D:8      | Killed a two-headed ogre
  8644 | D:8      | Reached XP level 10. HP: 77/77 MP: 11/16
  8785 | D:8      | Reached skill level 1 in Stealth
  9097 | D:9      | Identified 2 scrolls of acquirement
  9097 | D:9      | Acquired a scarf of invisibility
  9227 | D:9      | Found a large runed translucent door.
  9230 | D:9      | Found a large runed translucent door.
  9286 | D:9      | Reached skill level 1 in Evocations
  9380 | D:9      | Reached ** piety under Wu Jian
  9420 | D:9      | Noticed a two-headed ogre
  9429 | D:9      | Killed a two-headed ogre
  9430 | D:9      | Reached skill level 12 in Unarmed Combat
  9758 | D:9      | Reached skill level 5 in Dodging
  9864 | D:9      | Found a runed translucent door.
  9864 | D:9      | Noticed a gargoyle
  9871 | D:9      | Killed a gargoyle
  9872 | D:9      | Noticed a four-headed hydra
  9913 | D:9      | Killed a four-headed hydra
  9972 | D:9      | Noticed a skeletal warrior
 10310 | D:9      | Noticed TheFallenCrow's ghost (novice DsMo)
 10481 | D:9      | Found a shimmering blue altar of Sif Muna.
 10662 | D:9      | Noticed a manticore
 10707 | D:9      | Killed a manticore
 10862 | D:9      | Killed a skeletal warrior
 10863 | D:9      | Reached XP level 11. HP: 23/86 MP: 15/17
 11070 | D:9      | Noticed a wolf spider
 11072 | D:9      | Noticed a centaur warrior
 11077 | D:9      | Killed a wolf spider
 11078 | D:9      | Reached skill level 5 in Stealth
 11082 | D:9      | Killed a centaur warrior
 11294 | D:10     | Entered Level 10 of the Dungeon
 11309 | D:10     | Noticed a two-headed ogre
 11312 | D:10     | Noticed Maggie
 11315 | D:10     | Killed a two-headed ogre
 11330 | D:10     | Killed Maggie
 11641 | D:10     | Noticed Grum
 11650 | D:10     | Killed Grum
 11762 | D:10     | Found a sparkling altar of Nemelex Xobeh.
 11883 | D:10     | Noticed Psyche
 11889 | D:10     | Killed Psyche
 11989 | D:10     | Reached skill level 5 in Evocations
 12161 | D:11     | Noticed a death yak
 12165 | D:11     | Noticed a death yak
 12166 | D:11     | Noticed a death yak
 12183 | D:10     | Killed a death yak
 12184 | D:10     | Reached skill level 13 in Unarmed Combat
 12187 | D:10     | Killed a death yak
 12187 | D:10     | Reached *** piety under Wu Jian
 12569 | D:10     | Killed a death yak
 12630 | D:11     | Noticed Gastronok
 12643 | D:11     | Killed Gastronok
 12644 | D:11     | Reached XP level 12. HP: 79/95 MP: 14/18
 12753 | D:11     | Found a staircase to the Lair.
 12760 | D:11     | Upgraded the game from 0.30.0-20-g3b4254fcbd to
                  | 0.30.0-29-ga12c61a403
 12959 | D:11     | Noticed Harold
 12967 | D:11     | Killed Harold
 13159 | D:11     | Noticed Erolcha
 13170 | D:11     | Killed Erolcha
 13707 | D:11     | Reached skill level 10 in Fighting
 13984 | Lair:1   | Entered Level 1 of the Lair of Beasts
 14096 | Lair:1   | Found a frozen archway.
 14120 | IceCv    | Entered an ice cave
 14655 | IceCv    | Reached **** piety under Wu Jian
 14946 | IceCv    | Reached skill level 14 in Unarmed Combat
 15373 | IceCv    | Found the +5 glaive of the Guard {elec, spectral, AC+5}
 16373 | Lair:2   | Reached XP level 13. HP: 73/106 MP: 16/19
 16833 | Lair:2   | Found a staircase to the Shoals.
 17383 | Lair:2   | Found a hole to the Spider Nest.
 17497 | Lair:2   | Reached skill level 15 in Unarmed Combat
 18996 | Lair:3   | Identified the staff of conjuration "Ribeer" {rC+}
 19590 | Lair:4   | Identified the +1 helmet of Weightlessness {-Tele rC- rCorr
                  | Str+8}
 19919 | Lair:4   | Found a staircase to the Slime Pits.
 20175 | Lair:5   | Entered Level 5 of the Lair of Beasts
 20405 | Lair:5   | Reached ***** piety under Wu Jian
 20496 | Lair:5   | Reached XP level 14. HP: 46/118 MP: 18/20
 20642 | Lair:5   | Reached skill level 16 in Unarmed Combat
 21475 | Lair:5   | Noticed a dire elephant
 21475 | Lair:5   | Noticed a dire elephant
 21477 | Lair:5   | Noticed a dire elephant
 21482 | Lair:5   | Reached skill level 10 in Transmutations
 22312 | Lair:5   | Killed a dire elephant
 22590 | Lair:5   | Killed a dire elephant
 22625 | Lair:5   | Killed a dire elephant
 22959 | D:11     | Acquired 928 gold pieces
 23053 | D:12     | Found a staircase to the Orcish Mines.
 23472 | D:12     | Noticed Fannar
 23486 | D:12     | Killed Fannar
 23924 | Orc:1    | Entered Level 1 of the Orcish Mines
 23924 | Orc:1    | Noticed Erica
 23929 | Orc:1    | Killed Erica
 24115 | Orc:1    | Noticed Snorg
 24130 | Orc:1    | Killed Snorg
 24131 | Orc:1    | Reached skill level 17 in Unarmed Combat
 24353 | Orc:2    | Entered Level 2 of the Orcish Mines
 24532 | Orc:2    | Found a staircase to the Elven Halls.
 24859 | Orc:2    | Found Ucayfaeg's Magic Scroll Shoppe.
 24999 | Orc:2    | HP: 7/145 [orc priest/divine providence (12)]
 25314 | Orc:2    | Reached XP level 15. HP: 81/127 MP: 19/21
 25506 | Orc:2    | Reached ****** piety under Wu Jian
 25717 | Orc:2    | Found Pocruluu's General Store.
 25720 | Orc:2    | Found Faze's Jewellery Boutique.
 25722 | Orc:2    | Found Ufuobb's Jewellery Shop.
 25723 | Orc:2    | Found Inoukeusm's Weapon Shop.
 25910 | Orc:2    | Reached skill level 15 in Fighting
 26638 | Orc:2    | Bought a potion of heal wounds for 70 gold pieces
 26719 | Orc:2    | Bought a scroll of acquirement for 832 gold pieces
 26719 | Orc:2    | Bought a scroll of enchant armour for 120 gold pieces
 26719 | Orc:2    | Bought a scroll of enchant armour for 120 gold pieces
 26719 | Orc:2    | Acquired the ring of Pyromania {Str+6 Int+2 Dex+7}
 26752 | Orc:1    | Noticed an orc warlord
 26762 | Orc:2    | Killed an orc warlord
 26944 | Orc:1    | Paralysed by an orc sorcerer for 2 turns
 26948 | Orc:1    | Reached skill level 18 in Unarmed Combat
 27419 | D:13     | Identified the ring of Gin and Tonic {Wiz rC+}
 28049 | D:13     | Noticed Frances
 28061 | D:13     | Killed Frances
 28559 | D:13     | Found a gate to the Vaults.
 28843 | D:14     | Identified Roxanne's Papyrus of Forms
 28843 | D:14     | Noticed Roxanne
 28849 | D:14     | Learned a level 2 spell: Passwall
 28863 | D:14     | Found a sparkling altar of Nemelex Xobeh.
 29372 | D:14     | Reached skill level 1 in Earth Magic
 29430 | D:14     | Found Qasyeg's Antique Weapon Shop.
 29781 | D:14     | HP: 7/158 [yaktaur/bolt (9)]
 29787 | D:14     | Reached XP level 16. HP: 26/139 MP: 18/22
 30137 | D:15     | Entered Level 15 of the Dungeon
 30144 | D:15     | Reached skill level 19 in Unarmed Combat
 30703 | D:15     | Found a blossoming altar of Fedhas.
 31323 | D:15     | Found a staircase to the Depths.
 31482 | Spider:1 | Entered Level 1 of the Spider Nest
 32079 | Spider:1 | Paralysed by a jorogumo for 1 turns
 32153 | Spider:1 | Reached skill level 5 in Earth Magic
 33226 | Spider:1 | Acquired 759 gold pieces
 33554 | Spider:2 | Noticed Asterion
 33734 | Spider:2 | Noticed an Executioner
 33738 | Spider:2 | Killed Asterion
 35169 | Spider:3 | Reached XP level 17. HP: 123/149 MP: 0/23
 35312 | Spider:3 | Reached skill level 20 in Unarmed Combat
 36264 | Spider:3 | Reached skill level 5 in Spellcasting
 36969 | Shoals:1 | Entered Level 1 of the Shoals
 37834 | Shoals:1 | Noticed a kraken
 37844 | Shoals:1 | Killed a kraken
 38228 | Shoals:2 | Learned a level 6 spell: Statue Form
 38386 | Shoals:2 | You fall into a shaft and drop 1 floor!
 39600 | Shoals:3 | Learned a level 7 spell: Dragon Form
 40135 | Shoals:3 | Found Zisazxug's Assorted Antiques.
 41423 | Spider:4 | Entered Level 4 of the Spider Nest
 41430 | Spider:4 | Reached skill level 15 in Transmutations
 41434 | Spider:4 | Reached skill level 21 in Unarmed Combat
 41480 | Spider:4 | Reached XP level 18. HP: 160/160 MP: 19/25
 42487 | Spider:4 | Noticed Arachne
 42501 | Spider:4 | Killed Arachne
 42831 | Spider:4 | Got a gossamer rune of Zot
 43555 | Shoals:4 | Entered Level 4 of the Shoals
 44194 | Shoals:4 | Got a barnacled rune of Zot
 44349 | Shoals:4 | Reached skill level 22 in Unarmed Combat
 44588 | Shoals:4 | Identified the +11 shortbow of Change {speed, rN+ MP+9}
 44737 | Shoals:4 | Reached skill level 10 in Dodging
 44905 | Shoals:4 | Got the Essays on Macabre Contaminants
 45286 | Vaults:1 | Entered Level 1 of the Vaults
 45315 | Vaults:1 | Reached XP level 19. HP: 115/166 MP: 26/26
 47721 | Vaults:2 | Reached skill level 23 in Unarmed Combat
 48107 | Vaults:2 | Found a staircase to the Crypt.
 48107 | Vaults:2 | Found an ancient bone altar of Kikubaaqudgha.
 48107 | Vaults:2 | Found a basalt altar of Yredelemnul.
 48322 | Vaults:2 | Reached XP level 20. HP: 174/174 MP: 22/27
 49293 | Vaults:3 | Reached skill level 15 in Dodging
 50051 | Vaults:3 | Reached skill level 24 in Unarmed Combat
 50893 | Vaults:4 | Identified the +4 long sword of Intuition {elec, Str+4}
 51371 | Vaults:4 | Reached XP level 21. HP: 141/180 MP: 20/28
 51728 | Vaults:4 | Reached skill level 10 in Evocations
 51785 | Vaults:4 | Paralysed by a sphinx for 5 turns
 52916 | Elf:1    | Entered Level 1 of the Elven Halls
 52964 | Orc:2    | Bought a ring of willpower for 400 gold pieces
 52964 | Orc:2    | Bought the amulet "Tirij" {rElec rC- Will+ Regen+} for 681
                  | gold pieces
 53039 | Elf:1    | Found a radiant altar of Vehumet.
 53045 | Elf:1    | Reached skill level 25 in Unarmed Combat
 53127 | Elf:1    | Found Ziolec's Overcharged Wands.
 54457 | Elf:2    | Found a huge runed translucent gate.
 54458 | Elf:2    | Found a huge runed translucent gate.
 54458 | Elf:2    | Found a huge runed translucent gate.
 54461 | Elf:2    | Found a huge runed translucent gate.
 54461 | Elf:2    | Found a huge runed translucent gate.
 54618 | Elf:3    | Entered Level 3 of the Elven Halls
 55214 | Elf:3    | Got the Quarto of Reconstruction and the Tropics
 55549 | Elf:3    | Reached XP level 22. HP: 176/176 MP: 19/29
 55551 | Elf:3    | Identified the +1 scale mail of Ilutuvup {+Inv rElec rF+
                  | SInv}
 55556 | Elf:3    | Reached skill level 26 in Unarmed Combat
 55578 | Elf:3    | Identified the +9 broad axe of Anxiety {heavy, rElec}
 55581 | Elf:3    | Identified the +6 short sword of Unreason {flame, rCorr
                  | Dex+3}
 55709 | Elf:3    | Identified the ring "Ogrytis" {rElec rPois SInv}
 55761 | Elf:3    | Identified the +6 shortbow of the Bear {elec, rC+++ Int+2
                  | Dex-3}
 55812 | Elf:3    | Identified the staff of death "Afuofyb" {rN+ Int+4}
 56107 | Depths:1 | Entered Level 1 of the Depths
 56198 | Depths:1 | Found a one-way gate to the infinite horrors of the Abyss.
 56277 | Depths:1 | Found a one-way gateway to a ziggurat.
 56376 | Depths:1 | Noticed the Enchantress
 56381 | Depths:1 | Killed the Enchantress
 56457 | Depths:1 | Reached skill level 27 in Unarmed Combat
 57002 | Depths:1 | Found a gateway to Hell.
 57520 | Depths:2 | Reached skill level 1 in Shields
 58064 | Depths:2 | Reached XP level 23. HP: 167/196 MP: 16/30
 58228 | Depths:2 | Found an opulent altar of Gozag.
 58314 | Depths:2 | Found a one-way gate leading to the halls of Pandemonium.
 58408 | Depths:2 | Noticed Vv
 58412 | Depths:2 | Killed Vv
 58903 | Depths:3 | Found a flickering gateway to a bazaar.
 58908 | Bazaar   | Entered a bazaar
 58910 | Bazaar   | Found Kuvyrghar's Weapon Boutique.
 58914 | Bazaar   | Found Wopn's Distillery.
 58914 | Bazaar   | Found Fyawnuyll's Antique Armour Boutique.
 58914 | Bazaar   | Found Got Tuizo's Antique Weapon Boutique.
 58937 | Bazaar   | Bought a potion of heal wounds for 45 gold pieces
 58937 | Bazaar   | Bought a potion of haste for 90 gold pieces
 58937 | Bazaar   | Bought a potion of mutation for 72 gold pieces
 58937 | Bazaar   | Bought a potion of heal wounds for 45 gold pieces
 58937 | Bazaar   | Bought a potion of haste for 90 gold pieces
 59976 | Depths:4 | Entered Level 4 of the Depths
 60058 | Depths:4 | Noticed a golden dragon
 60065 | Depths:4 | Killed a golden dragon
 60106 | Depths:4 | Reached skill level 5 in Shields
 60686 | Depths:4 | Found a gate to the Realm of Zot.
 61353 | Depths:4 | Found a hazy altar of Hepliaklqana.
 62226 | Vaults:5 | Entered Level 5 of the Vaults
 62231 | Vaults:5 | Noticed a golden dragon
 62243 | Vaults:5 | Reached skill level 15 in Evocations
 62260 | Vaults:5 | Reached XP level 24. HP: 206/206 MP: 29/30
 62909 | Vaults:5 | Noticed a dread lich
 62912 | Vaults:5 | Killed a dread lich
 62937 | Vaults:5 | Identified the +7 trident of the Wicked God {protect,
                  | Dex+2}
 62957 | Vaults:5 | Identified the +1 plate armour of Dithmenos {rPois}
 62969 | Vaults:5 | Got a silver rune of Zot
 63042 | Vaults:5 | Identified the ring of Tupaugez {rCorr MP+9 Int+5}
 63584 | Vaults:5 | Identified the ring of Syndicalism {MP+9 Str+2}
 63588 | Vaults:5 | Noticed an ancient lich
 63594 | Vaults:5 | Killed an ancient lich
 63942 | Vaults:5 | Identified the +0 ring mail of Dim Light {Str+3}
 65004 | Zot:1    | Entered Level 1 of the Realm of Zot
 65272 | Zot:1    | Identified the +3 mace "Yneiw" {freeze, rC++ Dex+2 Stlth+}
 65295 | Zot:1    | Reached XP level 25. HP: 216/216 MP: 27/30
 65315 | Zot:1    | Reached skill level 10 in Shields
 68005 | Abyss:3  | Cast into level 3 of the Abyss (green draconian)
 68114 | Abyss:3  | Gained mutation: You sometimes lose your temper in combat.
                  | [a neqoxec]
 68203 | Zot:3    | Escaped the Abyss
 68278 | Zot:2    | Lost mutation: You sometimes lose your temper in combat.
                  | [potion of mutation]
 68278 | Zot:2    | Gained mutation: You have a beak for a mouth. [potion of
                  | mutation]
 68278 | Zot:2    | Gained mutation: Your movements are slightly less
                  | encumbered by armour. (ER -2) [potion of mutation]
 68278 | Zot:2    | Gained mutation: Your spells are a little easier to cast,
                  | but a little less powerful. [potion of mutation]
 68279 | Zot:2    | Lost mutation: Your spells are a little easier to cast, but
                  | a little less powerful. [potion of mutation]
 68279 | Zot:2    | Lost mutation: Your movements are slightly less encumbered
                  | by armour. (ER -2) [potion of mutation]
 68279 | Zot:2    | Gained mutation: You have hidden genetic defects. [potion
                  | of mutation]
 68279 | Zot:2    | Gained mutation: You are frail. (-10% HP) [potion of
                  | mutation]
 68279 | Zot:2    | Gained mutation: Your mind is acute. (Int +4, Str/Dex -1)
                  | [potion of mutation]
 68279 | Zot:2    | Gained mutation: Your movements are slightly less
                  | encumbered by armour. (ER -2) [potion of mutation]
 68280 | Zot:2    | Lost mutation: You have hidden genetic defects. [potion of
                  | mutation]
 68280 | Zot:2    | Lost mutation: You have a beak for a mouth. [potion of
                  | mutation]
 68280 | Zot:2    | Gained mutation: You are partially covered in iridescent
                  | scales. (AC +2) [potion of mutation]
 68280 | Zot:2    | Gained mutation: You possess an exceptional clarity of
                  | mind. [potion of mutation]
 68474 | Zot:3    | Lost mutation: Your movements are slightly less encumbered
                  | by armour. (ER -2) [potion of mutation]
 68474 | Zot:3    | Lost mutation: You are partially covered in iridescent
                  | scales. (AC +2) [potion of mutation]
 68474 | Zot:3    | Gained mutation: You passively dampen the noise of your
                  | surroundings. [potion of mutation]
 68475 | Zot:3    | Lost mutation: You possess an exceptional clarity of mind.
                  | [potion of mutation]
 68475 | Zot:3    | Lost mutation: You are frail. (-10% HP) [potion of
                  | mutation]
 68475 | Zot:3    | Gained mutation: You are frail. (-10% HP) [potion of
                  | mutation]
 68475 | Zot:3    | Gained mutation: You are occasionally teleported next to
                  | monsters. [potion of mutation]
 68476 | Zot:3    | Lost mutation: You passively dampen the noise of your
                  | surroundings. [potion of mutation]
 68476 | Zot:3    | Lost mutation: Your mind is acute. (Int +4, Str/Dex -1)
                  | [potion of mutation]
 68476 | Zot:3    | Lost mutation: You are frail. (-10% HP) [potion of
                  | mutation]
 68476 | Zot:3    | Gained mutation: Your skin changes colour to match your
                  | surroundings (Stealth+). [potion of mutation]
 68476 | Zot:3    | Lost mutation: You are occasionally teleported next to
                  | monsters. [potion of mutation]
 68723 | Zot:3    | Reached XP level 26. HP: 172/228 MP: 26/30
 69212 | Zot:3    | Found a transporter.
 69218 | Zot:3    | Found a transporter.
 69254 | Zot:3    | You fall into a shaft and drop 1 floor!
 69262 | Zot:4    | Found a transporter.
 70210 | Zot:4    | Found a transporter.
 71071 | Zot:5    | Entered Level 5 of the Realm of Zot
 71697 | Zot:5    | Noticed a dread lich
 71698 | Zot:5    | Noticed an orb of fire
 71700 | Zot:5    | Paralysed by a dread lich for 4 turns
 71702 | Zot:5    | Gained mutation: You have hidden genetic defects. [an orb
                  | of fire]
 71704 | Zot:5    | Killed a dread lich
 71706 | Zot:5    | Noticed a Killer Klown
 71708 | Zot:5    | Killed an orb of fire
 71709 | Zot:5    | Noticed an ancient lich
 71709 | Zot:5    | Noticed a Killer Klown
 72028 | Zot:5    | Killed an ancient lich
 72028 | Zot:5    | Killed a Killer Klown
 72031 | Zot:5    | Killed a Killer Klown
 72163 | Zot:5    | Noticed an orb of fire
 72167 | Zot:5    | Killed an orb of fire
 72191 | Zot:5    | Noticed a Killer Klown
 72486 | Zot:4    | Killed a Killer Klown
 72537 | Zot:5    | Noticed a dread lich
 72553 | Zot:5    | Paralysed by a dread lich for 4 turns
 72566 | Zot:5    | Killed a dread lich
 72575 | Zot:5    | Gained mutation: You are frail. (-10% HP) [hidden defects]
 72614 | Zot:5    | Noticed a dread lich
 72623 | Zot:5    | Noticed a Killer Klown
 72639 | Zot:5    | Noticed a Killer Klown
 72640 | Zot:5    | Noticed a dread lich
 72648 | Zot:5    | Killed a Killer Klown
 72649 | Zot:5    | Killed a dread lich
 72649 | Zot:5    | Reached XP level 27. HP: 215/215 MP: 26/30
 72654 | Zot:5    | Noticed an ancient lich
 72659 | Zot:5    | Killed a dread lich
 72673 | Zot:5    | Killed an ancient lich
 73028 | Zot:5    | Gained mutation: You are dopey. (Int -2) [hidden defects]
 73028 | Zot:5    | Lost mutation: You have hidden genetic defects. [hidden
                  | defects expressed]
 73742 | Zot:5    | Got the Orb of Zot
 74028 | Depths:3 | Noticed Areshimn the pandemonium lord
 74092 | Depths:1 | Noticed Ciehom the pandemonium lord
 74101 | Depths:1 | Gained mutation: You are clumsy. (Dex -2) [a cacodemon]
 74105 | Depths:1 | Gained mutation: You are very frail. (-20% HP) [mutagenic
                  | glow]
 74111 | Depths:1 | Killed Ciehom the pandemonium lord
 74117 | Depths:1 | Gained mutation: You are very clumsy. (Dex -4) [mutagenic
                  | glow]
 74155 | D:14     | Noticed Uhileg the pandemonium lord
 74462 | D:1      | Gained mutation: Armour fits poorly on your strangely
                  | shaped body. [a cacodemon]
 74486 | D:$      | Escaped with the Orb!

Illustrated notes

Levels and vault maps discovered:
D:1:      mrwooster_arrival_statue_3, layout_basic
D:2:      layout_basic, st_stairs_6
D:3:      layout_basic, mainiacjoe_overflow_small_starburst,
          nicolae_overflow_squiral
D:4:      kennysheep_slugbush, layout_rooms, serial_curves, eino_curves_04,
          eino_curves_04
D:5:      layout_gridville, mainiacjoe_overflow_tiny_flanked,
          minmay_temple_entry_gardened_gates, st_stairs_10
D:6:      layout_basic, mainiacjoe_overflow_alcove_1,
          pdpol_wu_jian_five_deadly_venoms, gammafunk_ghost_stat_death,
          nicolae_shop_dragon_depot
D:7:      layout_cave_pods, enter_bailey_5, uniq_menkaure
D:8:      layout_rooms, serial_demonic, serial_demonic_d, serial_demonic_f,
          serial_demonic_g, serial_demonic_g, gammafunk_ghost_nasty_kobolds,
          kennysheep_decorative_pillar
D:9:      layout_gridville, nicolae_sif_muna_condensation,
          ebering_ghost_disaster_area, hangedman_decor_peaks_small, minivault_13
D:10:     layout_rooms, mainiacjoe_overflow_six_doors_small, uniq_grum,
          uniq_maggie, uniq_psyche
D:11:     layout_roguey, dpeg_lair_monsters, uniq_gastronok, uniq_erolcha,
          uniq_harold
D:12:     layout_small_grid, zombieorc2_lemuel, uniq_fannar
D:13:     layout_rooms, david_vaults_5, special_room [special_room_orc],
          uniq_frances
D:14:     layout_big_octagon, serial_shops, shop, nemelex_spade_bored_becter,
          grunt_potential, uniq_roxanne
D:15:     grunt_enter_depths_snipers, layout_rooms, fedhas_altar_4
Temple:   nicolae_temple_great_sept
Lair:1:   layout_chaotic_city, portal_ice_cave_entry_imps
Lair:2:   beargit_carnivore_pack, layout_regular_city, elwin_shoals_entry_rooms,
          nicolae_spider_entry_tight_spaces
Lair:3:   layout_loops_ring, grunt_megastairs_4, infiniplex_staircase_pool_2,
          serial_bayou_shore_b, serial_bayou_shore_b, lemuel_fruit_tree
Lair:4:   layout_misc_corridors, dpeg_slime_entry_enclosed
Lair:5:   due_jungle_book, layout_misc_corridors
Shoals:1: layout_shoals
Shoals:2: layout_shoals
Shoals:3: layout_shoals, serial_shops, shop_fountains
Shoals:4: shoals_end_simple, layout_shoals, nicolae_shoals_dead_sea_scrolls
Spider:1: layout_spider_delve
Spider:2: layout_spider_delve, uniq_asterion
Spider:3: layout_cave_pods
Spider:4: hellmonk_spider_rune_bug_friends, uniq_arachne
Orc:1:    layout_caves, basic_altar, uniq_snorg, uniq_erica
Orc:2:    st_orc_pillars, layout_diamond_mine, serial_shops,
          nicolae_lakefront_shop
Elf:1:    eino_elf_arrival_altar, layout_geoelf_octagon, evilmike_minifort,
          nicolae_shop_overcharged_wands
Elf:2:    elven_hall_of_blades_hangedman_alternative
          [nicolae_blade_entry_area_security], layout_onion_city
Elf:3:    grunt_elf_hall_asides, layout_geoelf_castle,
          minmay_misc_feat_diagonals, onia_ninara_cookie
Vaults:1: vaults_room_stairs_pillars, nicolae_vaults_oval_intersection,
          nicolae_vaults_off_center_swirl, nicolae_vaults_swerve,
          grunt_vaults_focal, ontoclasm_vaults_chip,
          ontoclasm_vaults_ring_large, grunt_vaults_funnel,
          nicolae_vaults_little_squares_5, layout_vaults_omnigrid
Vaults:2: infiniplex_enter_wizlab_spiral, nicolae_vaults_offset_grid_hallway_3,
          minmay_crypt_entry_necro_gods, nicolae_vaults_big_ls,
          nicolae_vaults_oval_intersection, nicolae_vaults_turnstiles,
          nicolae_vaults_trapezoid_lopsided_3,
          nicolae_vaults_windows_and_doors_thing, vaults_dpeg_encased_lava,
          nicolae_vaults_sightless_eye, hangedman_vaults_maws, v_misc_11,
          layout_vaults_ring
Vaults:3: nicolae_vaults_hexular_roomagon, nicolae_vaults_shipping_containers_4,
          nicolae_vaults_diamond_2, nicolae_vaults_shelves_hall, v_misc_19,
          v_pattern_3, hangedman_vaults_corner_blocks,
          nicolae_vaults_tetromino_L_1, layout_vaults_big_room
Vaults:4: nicolae_vaults_more_shelving_1, dpeg_vaults_monster_row,
          hangedman_vaults_maws, hangedman_vaults_slice,
          nicolae_vaults_wine_cellar, nicolae_vaults_disjoint_gnomons,
          st_smaller_cells, nicolae_vaults_diamond_2, layout_vaults_omnicross
Vaults:5
Depths:1: layout_roguey, enter_ziggurat_f, serial_co_window_serial,
          co_window_paths_a, co_window_paths_b, co_window_of_opportunity_a,
          co_window_corner_a, co_window_of_opportunity_a, co_window_cross_2,
          co_window_2corner, co_window_of_opportunity_b, co_window_broadway_c,
          co_window_sun, co_window_4corner_b, glass_columns_a,
          minmay_misc_feat_rows, grunt_hell_entry_dis_mu, abyss_entry,
          uniq_enchantress
Depths:2: kennysheep_bubbly, layout_gridville, pan_entry,
          nicolae_gozag_cash_rules_everything_around_me,
          pf_hell_entry_tar_spiral, abyss_entry_small_statue_room, uniq_vv
Depths:3: nicolae_moon_pools, layout_honeycomb,
          minmay_staircase_statues_hall_small, abyss_entry, hell_entry,
          serial_shops, bzr_entry_road, uniq_margery
Depths:4: grunt_zot_entry_hairpin, layout_honeycomb, serial_glass,
          glass_columns_a, glass_columns_b, glass_columns_b, glass_columns_b,
          glass_columns_a, glass_columns_c, glass_columns_b, glass_columns_c,
          glass_columns_a, glass_columns_b, glass_columns_b, glass_columns_b,
          glass_columns_a, glass_columns_b, lightli_too_deep,
          worldfamousw_hep_ancestral_shrine
Zot:1:    layout_concentric_octagons, uniq_grunn
Zot:2:    evilmike_crystal_ball_defense, layout_misc_corridors
Zot:3:    gammafunk_sealed_arena, layout_concentric_octagons
Zot:4:    gammafunk_its_a_trap, layout_concentric_octagons
Zot:5:    layout_gridlike, grunt_ministairs_9

Skill      XL: |  1  2  3  4  5  6  7  8  9 10 11 12 13 14 15 16 17 18 19 20 21 22 23 24 25 26 27 |
---------------+----------------------------------------------------------------------------------+-----
Transmutations | 3 4 5 6 9 12 15 17 18 | 18.0
Dodging        | 3 6 8 9 10 14 17 18 20 21 23 25 26 | 26.3
Unarmed Combat | 4 5 7 9 10 11 12 13 14 15 17 18 19 21 22 23 24 25 27 | 27.0
Spellcasting   | 3 4 5 |  5.0
Fighting       | 3 6 7 9 11 13 14 16 17 19 20 21 23 24 25 | 25.0
Ice Magic      | 2 4 |  4.0
Stealth        | 4 6 |  6.0
Evocations     | 3 6 8 9 12 13 15 16 18 19 20 | 20.3
Earth Magic    | 2 6 7 8 |  8.0
Shields        | 3 7 9 10 | 10.0

Action                     |  1- 3 |  4- 6 |  7- 9 | 10-12 | 13-15 | 16-18 | 19-21 | 22-24 | 25-27 || total
---------------------------+-------+-------+-------+-------+-------+-------+-------+-------+-------++-------
  Melee: Unarmed           |    93 |   211 |   254 |   506 |  1247 |  1119 |  1018 |  1025 |  1131 ||  6604
         Punch             |     1 |     3 |     4 |     2 |     3 |    66 |   180 |    66 |    14 ||   339
         Headbutt          |     8 |    15 |    17 |     1 |       |       |       |       |       ||    41
         Tailslap          |       |     2 |     1 |       |       |     7 |    11 |    32 |    10 ||    63
         Bite              |       |       |       |       |       |     2 |     9 |    19 |    14 ||    44
   Cast: Beastly Appendage |    10 |    14 |    15 |     2 |       |     1 |       |       |       ||    42
         Wereblood         |       |     1 |     3 |     4 |     3 |     3 |     2 |     1 |       ||    17
         Spider Form       |       |     1 |    14 |       |       |       |       |       |       ||    15
         Ice Form          |       |       |     2 |    49 |    83 |    66 |     1 |     2 |     2 ||   205
         Passwall          |       |       |       |       |       |     1 |       |     2 |    14 ||    17
         Statue Form       |       |       |       |       |       |    27 |    64 |    48 |    50 ||   189
         Dragon Form       |       |       |       |       |       |     4 |     5 |    16 |     7 ||    32
 Invoke: Serpent's Lash    |       |       |       |     5 |    22 |    19 |     5 |     6 |    18 ||    75
         Heavenly Storm    |       |       |       |       |       |       |     1 |       |       ||     1
Ability: Lunge             |       |       |     8 |    44 |   128 |   114 |   113 |   100 |    96 ||   603
         Whirlwind         |       |       |       |   121 |   502 |   314 |   247 |   250 |   287 ||  1721
         Evoke Invisibilit |       |       |       |       |       |     1 |     2 |       |     1 ||     4
         Breathe Fire      |       |       |       |       |       |       |     1 |       |       ||     1
         Wall Jump         |       |       |       |       |       |       |       |       |     1 ||     1
  Evoke: Wand              |       |       |     3 |     4 |     3 |     3 |       |       |       ||    13
    Use: Potion            |       |     1 |     2 |     5 |     4 |     1 |     3 |     5 |    16 ||    37
         Scroll            |       |     1 |       |    17 |    18 |     7 |       |     3 |     6 ||    52
   Stab: Sleeping          |       |     2 |     1 |     2 |    14 |    18 |    16 |     4 |     3 ||    60
         Distracted        |       |       |       |     1 |     2 |     3 |     1 |     6 |     8 ||    21
         Invisible         |       |       |       |       |       |     8 |     2 |     6 |     6 ||    22
 Armour: Robe              |    18 |    19 |    12 |       |       |       |       |       |       ||    49
         Skin              |       |     2 |    51 |    72 |   156 |   270 |   262 |   165 |   170 ||  1148
         Steam dragon scal |       |       |     6 |     6 |     5 |     2 |     6 |     5 |     6 ||    36
  Dodge: Dodged            |    68 |   162 |   154 |   240 |   493 |   799 |   880 |   693 |   818 ||  4307
  Block: Buckler           |       |       |       |       |       |       |       |   168 |   275 ||   443
